 Dungeon Crawl Stone Soup version 0.25.0-1-g7eea58d (webtiles) character file.

Game seed: 8517396100842218509

1027 Buxparty the Skirmisher (level 8, -6/57 HPs)
             Began as a Demonspawn Gladiator on June 20, 2020.
             Was a Follower of Hepliaklqana.
             Killed by divine providence
             ... invoked by an orc priest
              (13 damage)
             ... on level 5 of the Dungeon.
             The game lasted 00:14:06 (5926 turns).

Buxparty the Skirmisher (Demonspawn Gladiator)      Turns: 5926, Time: 00:14:07

Health: -6/57      AC: 10    Str: 13    XL:     8   Next: 3%
Magic:  8/8        EV: 15    Int:  9    God:    Hepliaklqana [*.....]
Gold:   167        SH:  0    Dex: 15    Spells: 7/7 levels left

rFire    . . .     SeeInvis .   d - +2 spear (vorpal)
rCold    + . .     Gourm    .   (no shield)
rNeg     . . .     Faith    .   b - +0 leather armour
rPois    .         Spirit   .   c - +0 helmet
rElec    .         Reflect  .   j - +1 cloak
rCorr    .         Harm     .   (no gloves)
MR       .....                  (no boots)
Stlth    +.........             (no amulet)
HPRegen  0.19/turn              s - -4 ring of strength (curse)
MPRegen  0.11/turn              (no ring)

@: very slightly contaminated, invisible
A: reduced essence, claws 1, iridescent scales 2, cold resistance 1, rot
immunity
a: Recall Ancestor, Ancestor Identity, Renounce Religion


You were on level 5 of the Dungeon.
You worshipped Hepliaklqana.
Hepliaklqana was aware of your devotion.
You were hungry.

You visited 2 branches of the dungeon, and saw 6 of its levels.

You collected 167 gold pieces.

Inventory:

Hand Weapons
 a - a +0 trident
 d - a +2 vorpal spear (weapon)
Missiles
 r - a throwing net (quivered)
Armour
 b - a +0 leather armour (worn)
 c - a +0 helmet (worn)
 j - a +1 cloak (worn)
Jewellery
 s - a cursed -4 ring of strength (left claw)
Wands
 n - a wand of enslavement (11)
 p - a wand of random effects (13)
 t - a wand of acid (13)
Scrolls
 e - 4 scrolls of identify
 g - 4 scrolls of teleportation
 h - a scroll of amnesia
 k - a scroll of enchant armour
Potions
 i - 2 potions of lignification
 l - a potion of invisibility
 o - 2 potions of haste
 q - a potion of might {unknown}
Comestibles
 f - 5 rations


   Skills:
 + Level 5.7 Fighting
 + Level 5.6 Polearms
 - Level 1.7 Throwing
 + Level 5.5 Dodging


You had 7 spell levels left.
You didn't know any spells.
Your spell library contained the following spells:

 Spells                   Type           Power        Failure   Level  Hunger
 Corona                   Hex            #......      45%         1    ##.....
 Ensorcelled Hibernation  Hex/Ice        #.....       61%         2    ###....
 Confusing Touch          Hex            #.......     83%         3    ####...
 Dazzling Flash           Conj/Hex       #.....       83%         3    ####...
 Tukima's Dance           Hex            #.......     83%         3    ####...


Dungeon Overview and Level Annotations

Branches:
Dungeon (5/15)             Temple (1/1) D:4

Altars:
Ashenzari
Dithmenos
Hepliaklqana
Kikubaaqudgha
Nemelex Xobeh
Qazlal
Beogh

Shops:
D:4 =

Annotations:
D:3 2 transporters, Notta's ghost, amateur MiCK
D:4 3 runed translucent doors, brinewave's ghost, amateur OgWn


Innate Abilities, Weirdness & Mutations

You have sharp fingernails.
You are mostly covered in iridescent scales. (AC +4)
Your flesh is cold resistant. (rC+)
You are immune to rotting.
Your life essence is reduced to manifest your ancestor. (-10% HP)


Message History

The orc wizard closely misses you.
You hear a splashing noise.
The orc misses you. The orc wizard barely misses you.
The orc splashes around in the water.
The orc priest miscasts a cantrip.
The orc priest hits Senakhtenre with a +0 club!
The orc wizard closely misses you.
Okay, then.
It was a potion of invisibility.
You fade into invisibility!
Senakhtenre barely misses the orc priest.
The orc priest looks satisfied for a moment.
The orc splashes around in the water.
The orc wizard hits you but does no damage.
You are very lightly contaminated with residual magic.
It was a potion of magic.
Magic courses through your body. The orc wizard misses you.
Senakhtenre hits the orc priest.
The orc priest mumbles some strange prayers to Beogh against you.
Beogh smites you!
You die...

#.######...≈≈≈≈#......#≈≈≈P...,
#.###.P....≈≈≈≈........≈≈≈..P,*
#.##.##..#.≈≈≈≈#......#≈≈≈≈.#*,
#.##P.P.#..≈≈.###....###.≈≈.P,,
#.###P....$≈≈≈≈#......#≈≈≈≈..**
#.##PP##...≈o≈≈........≈≈≈P..,,
#.###PP.##.≈o{≈#......#≈≈P.##,*
#.# ##.##..≈oR###....###≈..P,**
#.# ###.##≈≈o@#......#,...#**
###.##############......#**###
..................#.....#######
#######...........#.#.........#
,,,,* #.#.......#,#.#########.###
***,* #.#.###.###,#..............
,,*,**#.#.# #.##*,###########.###
,,,,,,..#.# #..#*,* #......
*,*,**###.#*##.#*,**#######.#.###


You could see the friendly Senakhtenre the ancestor, an orc warrior, an orc
priest, an orc wizard (fast) and an orc.

Vanquished Creatures
  Sigmund (D:2)
  A centaur (D:5)
  2 ogres (D:4)
  A centaur zombie (D:5)
  A hound (D:4)
  2 bullfrog skeletons
  2 orc wizards (D:3)
  Jessica (D:2)
  A worker ant (D:4)
  A hound zombie (D:5)
  A hound skeleton (D:3)
  3 gnolls (D:2)
  9 adders
  An adder skeleton (D:5)
  5 dart slugs
  5 leopard geckos
  5 orcs
  6 bats
  5 giant cockroaches
  6 goblins
  3 hobgoblins
  6 jackals
  6 kobolds
  A quokka (D:5)
  2 ball pythons
  5 frilled lizards
  5 rats
87 creatures vanquished.

Vanquished Creatures (collateral kills)
  An orc wizard (D:3)
  3 worker ants (D:5)
  Terence (D:3)
  3 adders
  A gnoll (D:2)
  An adder skeleton (D:4)
  2 orcs (D:3)
  A bat (D:3)
13 creatures vanquished.

Vanquished Creatures (others)
  7 ancestors
7 creatures vanquished.

Grand Total: 107 creatures vanquished

Notes
Turn   | Place    | Note
-------+----------+-------------------------------------------
     0 | D:1      | Buxparty the Demonspawn Gladiator began the quest for the
                  | Orb.
     0 | D:1      | Reached XP level 1. HP: 16/16 MP: 1/1
   401 | D:1      | Gained mutation: You are partially covered in iridescent
                  | scales. (AC +2) [demonic ancestry]
   401 | D:1      | Reached XP level 2. HP: 22/22 MP: 2/2
   972 | D:2      | Found a stormy altar of Qazlal.
  1170 | D:2      | Found a hazy altar of Hepliaklqana.
  1176 | D:2      | Gained mutation: You are immune to rotting. [demonic
                  | ancestry]
  1176 | D:2      | Reached XP level 3. HP: 24/28 MP: 3/3
  1283 | D:2      | Noticed Jessica
  1286 | D:2      | Killed Jessica
  1317 | D:2      | Became a worshipper of Hepliaklqana the Forgotten
  1366 | D:2      | Gained mutation: Your flesh is cold resistant. (rC+)
                  | [demonic ancestry]
  1366 | D:2      | Reached XP level 4. HP: 31/31 MP: 4/4
  1876 | D:2      | Noticed Sigmund
  2305 | D:2      | Found an ancient bone altar of Kikubaaqudgha.
  2305 | D:2      | Found a shadowy altar of Dithmenos.
  2305 | D:2      | Found a sparkling altar of Nemelex Xobeh.
  2596 | D:2      | Killed Sigmund
  2596 | D:2      | Gained mutation: You have sharp fingernails. [demonic
                  | ancestry]
  2596 | D:2      | Reached XP level 5. HP: 37/37 MP: 5/5
  2596 | D:2      | Reached XP level 6. HP: 43/43 MP: 6/6
  3283 | D:3      | Noticed Terence
  3293 | D:3      | Killed Terence
  3397 | D:3      | Found a transporter.
  3397 | D:3      | Noticed Notta's ghost (amateur MiCK)
  3405 | D:3      | Found a transporter.
  4038 | D:4      | Reached * piety under Hepliaklqana
  4068 | D:4      | Found a staircase to the Ecumenical Temple.
  4083 | D:4      | Reached XP level 7. HP: 49/49 MP: 7/7
  4090 | Temple   | Entered the Ecumenical Temple
  4308 | D:4      | Reached skill level 5 in Polearms
  4530 | D:4      | Reached skill level 5 in Fighting
  4530 | D:4      | Reached skill level 5 in Dodging
  4746 | D:4      | Found a shattered altar of Ashenzari.
  4845 | D:4      | Found Fialor's Jewellery Boutique.
  4886 | D:4      | Found a runed translucent gate.
  4886 | D:4      | Found a runed translucent gate.
  4886 | D:4      | Found a runed translucent gate.
  4886 | D:4      | Noticed brinewave's ghost (amateur OgWn)
  4886 | D:4      | Identified the +6 hunting sling of Imbalance {venom, rC-
                  | rN+ MR++}
  4886 | D:4      | Identified the +4 chain mail of Befirchaa {+Blink rElec}
  4887 | D:4      | Found a roughly hewn altar of Beogh.
  5051 | D:5      | Entered Level 5 of the Dungeon
  5762 | D:5      | Gained mutation: You are mostly covered in iridescent
                  | scales. (AC +4) [demonic ancestry]
  5762 | D:5      | Reached XP level 8. HP: 54/57 MP: 8/8
  5926 | D:5      | Killed from afar by an orc priest

Illustrated notes

Levels and vault maps discovered:
D:1:      kennysheep_arrival_seaside, layout_basic
D:2:      layout_basic, lemuel_crystal_altar, lemuel_doored_altar,
          grunt_temple_overflow_open, uniq_jessica, uniq_sigmund
D:3:      layout_basic, gammafunk_ghost_arena, uniq_terence
D:4:      layout_loops_ring, kennysheep_mini, minmay_temple_entry_antechambers,
          biasface_ghost_orc_armoury, serial_shops,
          nicolae_shop_competitors_out_of_business
D:5:      wad_lake_hut, layout_basic, marbit_many_paths, first_ration,
          uniq_grinder
Temple:   compressed_dpeg_circular_temple

Skill      XL: |  1  2  3  4  5  6  7 |
---------------+----------------------+-----
Dodging        | 3 4 5 |  5.5
Polearms       | 3 4 5 |  5.6
Fighting       | 3 4 5 |  5.7
Throwing       | |  1.7

Action                   |  1- 3 |  4- 6 |  7- 9 || total
-------------------------+-------+-------+-------++-------
Melee: Trident           |   118 |     9 |       ||   127
       Spear             |       |   194 |   127 ||   321
Throw: Throwing net      |       |     3 |     1 ||     4
  Use: Scroll            |       |     9 |     2 ||    11
       Potion            |       |     1 |     3 ||     4
 Stab: Sleeping          |       |     2 |     2 ||     4
       Held in net/web   |       |     1 |       ||     1
  Eat: Chunk             |     2 |     2 |     5 ||     9
       Ration            |       |     2 |       ||     2
Armor: Leather armour    |    39 |    58 |    36 ||   133
       Skin              |       |    22 |       ||    22
Dodge: Dodged            |    83 |   113 |    46 ||   242
